AoeStats
← Kitoow

Pilgrims

510230326Analyzed
4v4 RM · 1d ago on Sep 30, 2026· 46m 4s· 8 players
Game mode
Random Map
Map size
Large (8 player)
Population
200
Speed
Normal
Resources
Standard
Victory
Conquest
Starting age
Dark Age
Ending age
Imperial Age
RankedLock teamsTeams togetherTeam positionsShared explorationLock speedFull tech treeHidden civsTurbo modeCheats
Victory
Defeat
🇨🇱 Persians · Chile
880
+12
🇨🇱 Burgundians · Chile
803
+16
🇨🇦 Wu · Canada
764
+17
🇨🇦 Varangians · Canada
741
+18
🇪🇨 Teutons · Ecuador
872
-19
🇨🇦 Sicilians · Canada
832
-17
🇲🇽 Persians · Mexico
790
-16
🇪🇨 Inca · Ecuador
678
-11
Coffee Bean
12:17 Feudal Age
12:55 Double-Bit Axe
12:51 Horse Collar
18:49 Castle Age
18:23 Wheelbarrow
19:32 Heavy Plow
19:47 Bow Saw
23:06 Stone Mining
25:52 Masonry
26:16 Gold Mining
26:52 Hand Cart
27:53 Gold Shaft Mining
27:10 Loom
28:00 Forging
27:51 Scale Mail Armor
27:42 Fletching
28:21 Town Watch
31:16 Imperial Age
30:17 First Crusade
30:50 Iron Casting
30:31 Chain Mail Armor
31:57 Chain Mail Armor
31:34 Fletching
32:11 Ballistics
32:03 Town Patrol
33:24 Blast Furnace
32:17 Fletching
32:39 Squires
32:25 Arson
33:18 Stone Shaft Mining
33:43 Plate Mail Armor
33:11 Arrowslits
33:55 Guilds
34:54 Chemistry
34:16 Elite Serjeant
35:50 Pikeman
36:55 Conscription
37:48 Halberdier
37:54 Halberdier
39:57 Bodkin Arrow
MonoFete
16:39 Feudal Age
24:55 Castle Age
23:05 Arson
25:15 Double-Bit Axe
25:14 Horse Collar
33:08 Imperial Age
31:16 Wheelbarrow
32:40 Squires
33:27 Forging
34:34 Conscription
34:29 Scale Mail Armor
41:19 Chain Mail Armor
41:40 Iron Casting
41:11 Scale Barding Armor
41:01 Elite Teutonic Knight
44:50 Blast Furnace
44:20 Plate Mail Armor
44:18 Ballistics
44:58 Chemistry
ecuabot
18:15 Feudal Age
22:42 Castle Age
24:43 Double-Bit Axe
26:05 Bow Saw
25:48 Horse Collar
35:58 Heavy Plow
36:12 Forging
36:02 Scale Mail Armor
Rompe--Anos
5:07 Loom
14:32 Feudal Age
19:22 Castle Age
30:42 Pikeman
Halin1234
4:41 Loom
12:22 Feudal Age
13:37 Double-Bit Axe
13:49 Fishing Lines
21:18 Castle Age
20:21 Gold Mining
22:31 Gillnets
23:23 Squires
24:14 Wheelbarrow
23:54 Bow Saw
25:46 Caravan
26:01 Stone Mining
26:22 Fletching
26:33 Padded Archer Armor
27:58 Hand Cart
33:20 Red Cliffs Tactics
34:10 Arson
35:24 Gold Shaft Mining
37:36 Imperial Age
34:35 Man-at-Arms
34:37 Pikeman
37:07 Bodkin Arrow
37:28 Leather Archer Armor
37:25 Forging
37:17 Scale Mail Armor
39:50 Ballistics
40:32 Chemistry
39:29 Murder Holes
39:47 Masonry
40:46 Treadmill Crane
41:36 Conscription
42:05 Elite Fire Archer
44:50 Bracer
Kitoow
9:43 Fishing Lines
12:54 Feudal Age
13:14 Double-Bit Axe
13:31 Gillnets
15:06 Wheelbarrow
14:19 Loom
15:37 Gold Mining
19:27 Castle Age
19:57 Cavalier
20:41 Husbandry
25:21 Forging
25:18 Scale Barding Armor
29:14 Pikeman
35:17 Chain Barding Armor
47:03 Imperial Age
ISCO
13:36 Feudal Age
13:59 Double-Bit Axe
14:10 Fishing Lines
18:06 Castle Age
18:28 Gillnets
19:46 Bow Saw
20:57 Wheelbarrow
21:03 Medium Warships
22:35 Gold Mining
22:37 Stone Mining
23:31 Hand Cart
23:38 Forging
23:58 Husbandry
24:08 Bloodlines
24:37 Horse Collar
32:01 Imperial Age
31:00 Iron Casting
30:30 Scale Barding Armor
31:09 Masonry
32:20 Heavy Camel Rider
35:24 Blast Furnace
34:44 Chain Barding Armor
36:43 Conscription
38:20 Chemistry
37:40 Ballistics
37:27 Elite War Elephant
38:26 Pikeman
39:07 Squires
38:52 Gambesons
39:01 Cavalier
39:59 Heavy Plow
40:13 Light Cavalry
43:17 Crop Rotation
44:15 Kamandaran
HuskiestOfInus
4:58 Loom
13:13 Feudal Age
16:26 Wheelbarrow
17:23 Double-Bit Axe
24:06 Castle Age
26:17 Town Watch
26:47 Hand Cart
26:36 Caravan
27:19 Fishing Lines
30:21 Horse Collar
31:00 Bow Saw
35:22 Imperial Age
34:13 Bloodlines
34:05 Husbandry
35:59 Gillnets
37:56 Cavalier
38:52 Forging
38:48 Scale Barding Armor
41:26 Heavy Plow
42:28 Two-Man Saw
44:13 Vendel Legacy
44:14 Gothikon
45:37 Iron Casting
45:23 Chain Barding Armor
44:53 Fletching
Connection lost

Rejoining the realm…

Still unreachable

The connection could not be restored.

Session expired

The server has moved on; the page needs a fresh start.